 Dungeon Crawl Stone Soup version 0.31.0-11-ge490571c62 (webtiles) character file.

Game seed: 1409025497301067710

13182 bearlyready the Mimic (level 12, -3/81 HPs)
             Began as an Octopode Shapeshifter on Feb 7, 2024.
             Was an Initiate of Gozag.
             Slain by a skyshark (19 damage)
             ... on level 2 of the Lair of Beasts.
             The game lasted 00:34:55 (12027 turns).

bearlyready the Mimic (Octopode Shapeshifter)      Turns: 12027, Time: 00:34:55

Health: -3/81      AC:  5    Str: 23    XL:     12   Next: 3%
Magic:  12/12      EV: 25    Int: 14    God:    Gozag
Gold:   2156       SH:  0    Dex: 11    Spells: 11/11 levels left

rFire   . .          .
                       - Unarmed
rCold   + . .        (shield currently unavailable)
rNeg    + . .        (helmet restricted)
rPois   +            (no amulet)
rElec   .            d - +5 ring of evasion
rCorr   .            w - ring of protection from cold
SInv    .            H - ring of poison resistance
Will    +....        z - +5 ring of evasion
Stlth   ++           I - ring of positive energy
HPRegen 0.33/turn    J - +4 ring of protection
MPRegen 0.13/turn    L - +6 ring of strength
                     K - ring of willpower

%: no passive effects
@: about to teleport, blade tentacles, studying Throwing
A: almost no armour, amphibious, 8 rings, camouflage 1, gelatinous body 1,
(nimble swimmer 1), tentacles
a: Begin Untransformation, Renounce Religion, Potion Petition, Call Merchant,
Bribe Branch


You were on level 2 of the Lair of Beasts.
You worshipped Gozag.
Gozag was most pleased with you.
You had blades for main tentacles.
You visited 3 branches of the dungeon, and saw 14 of its levels.
You also visited: Sewer, Bailey and Gauntlet.

You collected 2229 gold pieces.
You paid 73 gold pieces to Gozag.

Inventory:

Hand Weapons
 x - the +5 short sword "Vab Xao" {freeze, rPois rN+}
   (You found it on level 4 of the Dungeon)

   rPois:     It protects you from poison rN+: It protects you from negative
   energy.
 D - a +2 whip of venom
Missiles
 l - 90 stones
 s - 6 curare-tipped darts
 y - 10 javelins
 C - 16 poisoned darts (quivered)
 E - 3 throwing nets
 M - 5 boomerangs
Armour
 A - a +0 buckler
Jewellery
 d - a +5 ring of evasion (left blade tentacle)
 w - a ring of protection from cold (right blade tentacle)
 z - a +5 ring of evasion (on tentacle)
 H - a ring of poison resistance (on tentacle)
 I - a ring of positive energy (on tentacle)
 J - a +4 ring of protection (on tentacle)
 K - a ring of willpower (on tentacle)
 L - a +6 ring of strength (on tentacle)
Talismans
 b - a beast talisman
 c - a flux talisman
 f - a blade talisman (active)
Wands
 q - a wand of polymorph (6)
 t - a wand of mindburst (1)
 u - a wand of flame (36)
 v - a wand of paralysis (17)
 P - a wand of quicksilver (1)
Scrolls
 a - a scroll of vulnerability
 e - a scroll of fog
 g - 2 scrolls of summoning
 h - 3 scrolls of immolation
 j - 2 scrolls of noise
 k - a scroll of enchant armour
 m - a scroll of enchant weapon
 n - 4 scrolls of silence
 o - a scroll of brand weapon
 p - 4 scrolls of teleportation
 B - a scroll of identify
Potions
 i - 2 potions of curing
 r - 3 potions of attraction
 F - a potion of heal wounds
 G - a potion of brilliance
 N - 2 potions of resistance
 O - a potion of mutation {unknown}


   Skills:
 + Level 7.1 Fighting
 + Level 6.6 Dodging
 + Level 8.2 Unarmed Combat
 - Level 5.0 Evocations
 + Level 13.0 Shapeshifting


You had 11 spell levels left.
You didn't know any spells.
Your spell library contained the following spells:

 Spells                   Type           Power      Damage    Failure   Level
 Kiss of Death            Conj/Necr      0%         2d5       28%         1
 Slow                     Hex            0%         N/A       28%         1
 Confusing Touch          Hex            0%         N/A       65%         3
 Frozen Ramparts          Ice            0%         1d1       65%         3
 Inner Flame              Hex/Fire       0%         N/A       65%         3
 Sigil of Binding         Hex            0%         N/A       65%         3
 Vampiric Draining        Necr           0%         2d6       65%         3
 Dispel Undead            Necr           0%         3d6       96%         4
 Flame Wave               Conj/Fire      0%         2d4       96%         4
 Leda's Liquefaction      Alch/Erth      0%         N/A       96%         4
 Petrify                  Alch/Erth      0%         N/A       96%         4
 Sticky Flame             Fire/Alch      0%         2d4       96%         4
 Metabolic Englaciation   Hex/Ice        0%         N/A       100%        5


Dungeon Overview and Level Annotations

Branches:
Dungeon (11/15)            Temple (1/1) D:5            Lair (1/5) D:9
    Orc (0/2) D:10          Sewer (visited)          Bailey (visited)
Gauntlet (visited)

Altars:
Ashenzari
Cheibriados
Dithmenos
Elyvilon
Fedhas
Gozag
Hepliaklqana
Kikubaaqudgha
Makhleb
Nemelex Xobeh
Okawaru
Qazlal
Ru
Sif Muna
Trog
Uskayaw
Vehumet
Wu Jian
Xom
Yredelemnul
Zin
The Shining One

Shops:
D:5 =

Annotations:
D:3 Sigmund


Innate Abilities, Weirdness & Mutations

You have blades for main tentacles.
You are incapable of wielding weapons or throwing items.
You cannot wear most types of armour.
You are amphibious.
You can wear up to eight rings at the same time.
Your skin changes colour to match your surroundings (Stealth+).
Your rubbery body absorbs attacks. (AC +1, EV +1)
((You are camouflaged when in or above water. (Stealth+)))
You have tentacles for arms and can constrict up to eight enemies at once.


Message History

The polar bear is severely wounded.
You hear a howl! x2
You hit the polar bear.
The polar bear is almost dead.
A wolf comes into view.
The polar bear goes berserk!
As you read the scroll of teleportation, it crumbles to dust.
You feel strangely unstable. The polar bear closely misses you. x2
The polar bear claws you.
A water moccasin comes into view.
The polar bear bites you! The polar bear misses you.
The polar bear claws you but does no damage.
You barely miss the polar bear.
The polar bear is almost dead.
The wolf misses you.
A wolf comes into view.
The polar bear barely misses you. The polar bear claws you.
The polar bear misses you.
A komodo dragon comes into view.
The wolf completely misses you.
You closely miss the polar bear.
The water moccasin hisses angrily.
You squeeze the polar bear, but do no damage.
The polar bear is almost dead.
The skyshark bites you.
The skyshark tastes blood and grows stronger!
The skyshark barely misses you. The skyshark tail-slaps you.
The polar bear bites you!!
* * * LOW HITPOINT WARNING * * *
The polar bear misses you.
The polar bear claws you but does no damage.
The wolf misses you.
You hear a howl!
You feel much better. The polar bear bites you!!
* * * LOW HITPOINT WARNING * * *
The polar bear barely misses you. The polar bear completely misses you.
The wolf completely misses you.
The wolf bites something.
The skyshark bites you!!
You die...
Your body crumbles into a pile of gold.

# ##. ##
##..##.# ######
#....... .....#
........#.....#
#.P#.P.#.# ...#
.....#..##.....
.....hh.#.....P
#...#P#@F.....#
$.. ###h#.....#
h #l##..... ...
.S..P ... ...P
#.... ... #....
... .#....


You could see a skyshark (strong), a polar bear (berserk), a komodo dragon, a
water moccasin and 2 wolves.

Vanquished Creatures
  Harold (D:11)
  2 boulder beetles
  A cyclops (D:11)
  A gargoyle (D:11)
  Maggie (D:7)
  An unseen horror (D:11)
  2 komodo dragons
  5 trolls (D:10)
  2 hornets (D:9)
  3 shadows
  7 yaks
  2 wraiths
  A steam dragon (D:10)
  A hog (shapeshifter) (D:10)
  An acid dragon (D:10)
  11 orc warriors
  Pargi (Sewer)
  3 sky beasts
  4 black bears
  A laughing skull (D:10)
  4 wolves (Lair:1)
  5 centaurs
  3 ogres
  2 kobold brigands
  A brain worm (Sewer)
  2 gnoll sergeants
  5 scorpions
  8 bullfrogs
  9 wights (D:8)
  11 killer bees
  3 howler monkeys
  A bombardier beetle (D:5)
  6 hounds
  8 orc priests
  A jelly (D:7)
  4 iguanas
  Terence (D:2)
  4 orc wizards
  2 sleepcaps
  Natasha (D:3)
  6 gnolls
  6 adders
  A river rat (D:6)
  A white imp (D:6)
  7 ufetubi
  2 ribbon worms
  4 dart slugs
  61 orcs
  4 endoplasms
  6 giant cockroaches
  7 goblins
  9 hobgoblins
  6 jackals
  3 quokkas
  5 ball pythons
  4 bats
  5 frilled lizards
  9 kobolds
  4 rats
282 creatures vanquished.

Notes
Turn   | Place    | Note
-------+----------+-------------------------------------------
     0 | D:1      | bearlyready the Octopode Shapeshifter began the quest for
                  | the Orb.
     0 | D:1      | Reached XP level 1. HP: 13/13 MP: 1/1
   144 | D:1      | Reached XP level 2. HP: 18/18 MP: 2/2
   782 | D:2      | Found a stormy altar of Qazlal.
   797 | D:2      | Reached XP level 3. HP: 9/23 MP: 3/3
   933 | D:2      | Noticed Terence
   942 | D:2      | Killed Terence
  1021 | D:2      | Reached XP level 4. HP: 28/28 MP: 4/4
  1340 | D:2      | Reached skill level 4 in Shapeshifting
  1665 | D:3      | Found a shimmering blue altar of Sif Muna.
  1714 | D:3      | Noticed Sigmund
  1884 | D:3      | Found a faded altar of an unknown god.
  2026 | D:3      | Reached XP level 5. HP: 7/33 MP: 5/5
  2522 | D:3      | Noticed Natasha
  2527 | D:3      | Killed Natasha
  2712 | D:4      | Reached skill level 5 in Unarmed Combat
  2712 | D:4      | Reached XP level 6. HP: 38/38 MP: 6/6
  2732 | D:4      | Reached skill level 5 in Shapeshifting
  3011 | D:4      | Found a broken altar of Ashenzari.
  3013 | D:4      | Found a shadowy altar of Dithmenos.
  3013 | D:4      | Found an ornate altar of the Wu Jian Council.
  3035 | D:4      | Found a white marble altar of Elyvilon.
  3047 | D:4      | Found a burning altar of Makhleb.
  3146 | D:4      | Identified the +5 short sword "Vab Xao" {freeze, rPois rN+}
  3157 | D:4      | Reached XP level 7. HP: 41/43 MP: 7/7
  3281 | D:5      | Entered Level 5 of the Dungeon
  3378 | D:5      | Reached skill level 1 in Evocations
  3598 | D:5      | Found a staircase to the Ecumenical Temple.
  3719 | D:5      | Reached skill level 6 in Shapeshifting
  3895 | D:5      | Reached XP level 8. HP: 48/48 MP: 8/8
  4250 | D:5      | Found Aqaush's Jewellery Boutique.
  4278 | Temple   | Entered the Ecumenical Temple
  4284 | Temple   | Became a worshipper of Gozag Ym Sagoz the Greedy
  5012 | D:6      | Found a glowing drain.
  5021 | Sewer    | Entered a sewer
  5150 | Sewer    | Noticed Pargi
  5156 | Sewer    | Killed Pargi
  5173 | Sewer    | Reached skill level 7 in Shapeshifting
  5328 | Sewer    | Reached skill level 5 in Evocations
  5328 | Sewer    | Reached XP level 9. HP: 51/54 MP: 9/9
  5379 | D:6      | Paralysed by a centaur for 2 turns
  5712 | D:7      | Found a hide-covered altar of Uskayaw.
  6124 | D:7      | Noticed Maggie
  6135 | D:7      | Killed Maggie
  6136 | D:7      | Reached skill level 8 in Shapeshifting
  6542 | D:8      | Found a flagged portal.
  6550 | Bailey   | Entered a bailey
  6592 | D:8      | Reached skill level 9 in Shapeshifting
  6863 | D:8      | Identified a scroll of acquirement
  6914 | D:8      | Reached XP level 10. HP: 52/63 MP: 10/10
  6918 | D:8      | Reached skill level 10 in Shapeshifting
  7261 | D:8      | You fall into a shaft and drop 1 floor!
  7639 | D:9      | Found a staircase to the Lair.
  7685 | D:9      | Paralysed by a hornet for 1 turns
  7688 | D:9      | Reached skill level 11 in Shapeshifting
  8968 | D:8      | Acquired a manual of Throwing
  9075 | D:10     | Entered Level 10 of the Dungeon
  9229 | D:10     | Reached skill level 12 in Shapeshifting
  9285 | D:10     | Noticed a meliai
  9366 | D:10     | Noticed an entropy weaver
  9370 | D:10     | an entropy weaver changed into a hog
  9456 | D:10     | Reached XP level 11. HP: 56/69 MP: 11/11
  9613 | D:10     | Found a staircase to the Orcish Mines.
 10082 | D:10     | Reached skill level 5 in Fighting
 10818 | D:11     | Reached skill level 5 in Dodging
 10886 | D:11     | Noticed a boulder beetle
 10889 | D:11     | Found a gate leading to a gauntlet.
 10904 | Gauntlet | Entered a Gauntlet
 10904 | Gauntlet | Found a transporter.
 10904 | Gauntlet | Found a transporter.
 10908 | Gauntlet | Found a transporter.
 10910 | Gauntlet | Found a transporter.
 10910 | Gauntlet | Found a large runed translucent door.
 10911 | Gauntlet | Found a large runed translucent door.
 10912 | Gauntlet | Found a large runed translucent door.
 10912 | Gauntlet | Found a large runed translucent door.
 10912 | Gauntlet | Found a runed translucent door.
 10912 | Gauntlet | Found a runed translucent door.
 10913 | Gauntlet | Found a large runed translucent door.
 10913 | Gauntlet | Found a large runed translucent door.
 10913 | Gauntlet | Found a large runed translucent door.
 10913 | Gauntlet | Found a large runed translucent door.
 10914 | Gauntlet | Found a large runed translucent door.
 10914 | Gauntlet | Found a large runed translucent door.
 10915 | Gauntlet | Found a large runed translucent door.
 10915 | Gauntlet | Found a large runed translucent door.
 10916 | Gauntlet | Found a runed translucent gate.
 10916 | Gauntlet | Found a runed translucent gate.
 10916 | Gauntlet | Found a runed translucent gate.
 10918 | Gauntlet | Found a transporter.
 10918 | Gauntlet | Noticed an arcanist
 10926 | Gauntlet | Found a transporter.
 10928 | Gauntlet | Found a transporter.
 10928 | Gauntlet | Found a transporter.
 10928 | Gauntlet | Noticed an orange crystal statue
 10929 | Gauntlet | Noticed a balrug
 10932 | Gauntlet | Found a transporter.
 10963 | Gauntlet | Found a large runed translucent door.
 10964 | Gauntlet | Found a large runed translucent door.
 10966 | Gauntlet | Found a transporter.
 10986 | Gauntlet | Found a transporter.
 10995 | Gauntlet | Found a large runed translucent door.
 10996 | Gauntlet | Found a large runed translucent door.
 10996 | Gauntlet | Found a transporter.
 11042 | Gauntlet | Found a transporter.
 11063 | Gauntlet | Found a transporter.
 11178 | D:11     | Killed a boulder beetle
 11214 | D:11     | Noticed Harold
 11225 | D:11     | Killed Harold
 11282 | D:11     | Noticed a cyclops
 11293 | D:11     | Killed a cyclops
 11338 | D:11     | Found a shimmering altar of Xom.
 11436 | D:10     | Noticed a boulder beetle
 11488 | D:10     | Killed a boulder beetle
 11766 | D:10     | Found the +7 mace of Variability {chaos, chaos arc}
 11907 | Lair:1   | Entered Level 1 of the Lair of Beasts
 11918 | Lair:1   | Reached skill level 13 in Shapeshifting
 11956 | Lair:1   | Reached XP level 12. HP: 63/81 MP: 12/12
 12018 | Lair:1   | You fall into a shaft and drop 1 floor!
 12020 | Lair:2   | Noticed a skyshark
 12027 | Lair:2   | Slain by a skyshark

Illustrated notes

Levels and vault maps discovered:
D:1:      wander_arrival_fairy_ring, layout_basic, serial_bayou_lake_a
D:2:      layout_loops_ring, basic_altar, serial_co_window_serial,
          co_window_paths_a, co_window_corner_a, co_window_paths_b,
          co_window_corner_a, co_window_corner_a, co_window_of_opportunity_c,
          co_window_broadway_b, co_window_paths_c, co_window_broadway_a,
          glass_columns_a, glass_columns_a, uniq_terence
D:3:      layout_loops_ring, led_sif_pool, hellmonk_ecumenical_altar_zigzags,
          uniq_sigmund, uniq_natasha
D:4:      layout_rooms, minmay_overflow_temple_star_hex
D:5:      layout_gridville, temple_statues, serial_shops, shop,
          nicolae_kite_square_tiling_tiny
D:6:      layout_cave_pools, portal_sewer_entry_a, minmay_fractal_squares_5
D:7:      layout_basic, nicolae_overflow_crystal_walls, uniq_maggie
D:8:      kennysheep_six_static_rooms, layout_loops_ring, enter_bailey_3
D:9:      layout_grid_maze, lair_entry_dummy
D:10:     layout_cave_pods, david_orc_5, special_room [special_room_orc],
          evilmike_minifort
D:11:     layout_big_octagon, gauntlet_entry_generic,
          ebering_ghost_reflecting_pool, regret_index_xom_of_box, uniq_harold
Temple:   nicolae_temple_no_exploring_needed
Lair:1:   layout_regular_city, minmay_shattered_shrine
Lair:2:   wander_river, layout_gridlike, skrybe_swamp_entry_bodies, uniq_erica

Skill      XL: |  1  2  3  4  5  6  7  8  9 10 11 |
---------------+----------------------------------+-----
Unarmed Combat | 4 5 6 7 8 |  8.2
Shapeshifting  | 4 5 6 7 9 12 13 | 13.0
Evocations     | 2 5 |  5.0
Fighting       | 3 4 7 |  7.1
Dodging        | 3 6 |  6.6

Action                     |  1- 3 |  4- 6 |  7- 9 | 10-12 || total
---------------------------+-------+-------+-------+-------++-------
  Melee: Unarmed           |    42 |   104 |   191 |   302 ||   639
         Constrict         |    13 |    18 |    43 |    40 ||   114
         Tentacles         |    10 |    19 |    47 |    61 ||   137
         Punch             |     2 |     4 |    17 |    14 ||    37
  Throw: Throwing net      |     1 |       |       |       ||     1
         Boomerang         |       |       |     9 |       ||     9
         Dart              |       |       |    19 |    10 ||    29
         Stone             |       |       |     5 |     5 ||    10
Ability: Begin Untransform |       |       |       |     1 ||     1
  Evoke: Wand              |       |       |     4 |    32 ||    36
    Use: Potion            |       |     2 |     6 |     4 ||    12
         Scroll            |       |     1 |    17 |     6 ||    24
   Stab: Sleeping          |     4 |     9 |    12 |     2 ||    27
         Distracted        |       |     1 |       |     1 ||     2
         Paralysed         |       |       |     1 |    11 ||    12
         Fleeing           |       |       |     1 |       ||     1
 Armour: Skin              |    11 |    48 |   102 |   115 ||   276
  Dodge: Dodged            |    16 |    42 |   189 |   319 ||   566
   Form: Blade             |       |       |       |     1 ||     1
